 Dungeon Crawl Stone Soup version 0.23.2-1-ga50397a6bc (webtiles) character file.

Game seed: 17699269977913641420

5385 Marnok the Spear-Bearer (level 10, -2/98 HPs)
             Began as a Troll Berserker on Apr 18, 2019.
             Was a High Priest of Trog.
             Slain by a black bear (8 damage)
             ... on level 9 of the Dungeon.
             The game lasted 00:28:54 (6674 turns).

Marnok the Spear-Bearer (Troll Berserker)           Turns: 6674, Time: 00:28:55

Health: -2/98      AC:  9    Str: 33    XL:     10   Next: 39%
Magic:  9/9        EV:  9    Int:  4    God:    Trog [*****.]
Gold:   809        SH: 10    Dex:  5    Spells: 9/9 levels left

rFire    . . .     SeeInvis .   t - +2 spear (venom)
rCold    + + .     Gourm    +   e - +0 shield
rNeg     . . .     Faith    +   b - +0 animal skin
rPois    .         Spirit   .   (helmet restricted)
rElec    .         Reflect  .   y - +0 cloak of Harph {rC++ Str+3 Dex-5 Stlth+} (curse)
rCorr    +         Harm     .   (gloves unavailable)
MR       +....                  (boots unavailable)
Stlth    +++.......             l - amulet of faith
HPRegen  0.66/turn              r - ring of resist corrosion
MPRegen  0.11/turn              C - ring of protection from magic

@: berserk cooldown, slowed, very slow
A: large, unfitting armour, claws 3, molten scales 1, camouflage 1,
deterioration 1, fast metabolism 3, gourmand, regeneration 1, screaming 1,
shaggy fur 1, strong 1, tough skin 3
a: Berserk, Trog's Hand, Brothers in Arms, Renounce Religion


You were on level 9 of the Dungeon.
You worshipped Trog.
Trog was extremely pleased with you.
You were very full.

You visited 1 branch of the dungeon, and saw 9 of its levels.
You also visited: Ossuary.

You collected 809 gold pieces.

Inventory:

Hand Weapons
 p - a +0 dagger of speed
 s - a +1 dagger of protection
 t - a +2 spear of venom (weapon)
 x - a +3 quarterstaff of chaos
 G - a +1 whip of flaming
 L - a +2 hunting sling of freezing
Missiles
 N - 46 stones (quivered)
Armour
 b - a +0 animal skin (worn)
 e - a +0 shield (worn)
 v - a scarf of repulsion
 y - the cursed +0 cloak of Harph (worn) {rC++ Str+3 Dex-5 Stlth+}
   (You found it on level 4 of the Dungeon)

   It affects your strength (+3).
   It affects your dexterity (-5).
   It greatly protects you from cold.
   It makes you more stealthy.
   It has a curse placed upon it.
 R - the +1 pair of boots of a Gauntlet {rElec rPois Int+10 Dex-4, unknown}
   (You found it on level 8 of the Dungeon)

   It affects your intelligence (+10).
   It affects your dexterity (-4).
   It insulates you from electricity.
   It protects you from poison.
Jewellery
 d - a +4 ring of dexterity
 h - an uncursed ring of magical power
 l - an amulet of faith (around neck)
 r - a ring of resist corrosion (left claw)
 C - a ring of protection from magic (right claw)
 F - a +2 ring of intelligence
 H - an uncursed amulet of the acrobat
 O - an uncursed ring of poison resistance {unknown}
 P - an uncursed ring of fire {unknown}
Wands
 E - a wand of digging (5)
 K - a wand of flame (47)
Scrolls
 f - 3 scrolls of amnesia
 g - 5 scrolls of remove curse
 o - a scroll of immolation
 w - a scroll of fear {unknown}
 z - a scroll of fog
 A - a scroll of enchant weapon
 B - 2 scrolls of teleportation {unknown}
 D - a scroll of noise {unknown}
 J - a scroll of enchant armour {unknown}
 Q - a scroll of random uselessness {unknown}
Potions
 a - a potion of resistance
 i - 3 potions of curing
 j - 3 potions of heal wounds
 k - a potion of berserk rage
 m - 2 potions of agility
 n - 4 potions of flight
 q - 2 potions of magic
 u - 3 potions of haste
 I - a potion of might
Comestibles
 c - 10 rations
 M - 9 chunks of flesh


   Skills:
 + Level 6.1 Fighting
 + Level 8.3 Polearms
 + Level 6.8 Dodging
 + Level 2.3 Stealth
 + Level 4.7 Shields


You had 9 spell levels left.
You didn't know any spells.
Your spell library was empty.

Dungeon Overview and Level Annotations

Branches:
Dungeon (9/15)             Temple (0/1) D:7
   Lair: D:8-11         Orc: D:9-12

Altars:
Cheibriados
Fedhas
Gozag
Makhleb
Qazlal
Trog
Xom
The Shining One

Annotations:
D:6 Eustachio


Innate Abilities, Weirdness & Mutations

You are too large for most types of armour.
You have claws for hands.
Your metabolism is lightning-fast.
You like to eat raw meat.
Your natural rate of healing is unusually fast.
You are covered in fur. (AC +1)
You have extremely tough skin. (AC +3)
You are partially covered in molten scales. (AC +2)
Your skin changes colour to match your surroundings (Stealth+).
Your body sometimes deteriorates upon taking damage.
You occasionally shout uncontrollably at your foes.
Your muscles are strong. (Str +2)


Message History

* * * LOW HITPOINT WARNING * * *
You are too berserk!
Unknown command.
The yak gores you.
* * * LOW HITPOINT WARNING * * *
You see here a yak corpse.
You feel a strong urge to attack something.
You are no longer berserk.
You are exhausted.
You feel yourself slow down.
The black bear rages.
You kill the yak!
Trog accepts your kill.
The black bear barely misses you. x2; You block the black bear's attack.
The black bear bites you.
* * * LOW HITPOINT WARNING * * *
You block the black bear's attack. The black bear claws you.
* * * LOW HITPOINT WARNING * * *
The yak looks more healthy.
The black bear bites you!
You die...

#......#.......
+......#.......
#...<†.'.......
#..†.†.#...##..
#..†...#...#
#####+####Y.....#...#
#...............#...#
#.......hY......+...#
#......@.Y......#...#
#.........##+####...#
#.........+
#.........#
#.........#
#.........#
###########


You could see 3 yaks and a black bear (berserk).

Vanquished Creatures
  Pikel (D:6)
  A deep elf mage (D:8)
  Sigmund (D:5)
  2 yaks (D:9)
  A wyvern (D:8)
  Edmund (D:5)
  2 ice beasts (D:7)
  An orc warrior (D:8)
  A sky beast (D:8)
  3 ogres
  3 centaurs
  A big kobold (D:8)
  10 bullfrogs
  2 water moccasin zombies (Ossuary)
  4 scorpions
  2 killer bees (D:8)
  5 howler monkeys
  4 crimson imps
  2 hounds
  2 jellies (D:7)
  7 orc wizards
  A centaur skeleton (D:4)
  4 orc priests
  Crazy Yiuf (D:5)
  A bullfrog skeleton (D:4)
  An iguana (D:4)
  Natasha (twice) (D:2)
  4 worker ants
  5 big kobold zombies (Ossuary)
  2 hound skeletons
  2 mummies (Ossuary)
  A worker ant zombie (D:8)
  3 gnolls (D:3)
  9 adders
  A shadow imp (D:7)
  8 adder zombies
  4 worms
  10 dart slugs
  5 leopard geckos
  20 orcs
  7 bats
  4 giant cockroaches
  11 goblins
  8 hobgoblins
  2 jackals (D:4)
  3 quokkas
  4 frilled lizards
  A giant cockroach zombie (D:5)
  2 gnoll zombies (Ossuary)
  A goblin zombie (D:4)
  4 hobgoblin zombies (Ossuary)
  12 kobolds
  4 kobold zombies (Ossuary)
  4 orc zombies (Ossuary)
  A quokka skeleton (D:5)
  A quokka zombie (D:4)
  6 rats
215 creatures vanquished.

Vanquished Creatures (collateral kills)
  A hungry ghost (D:8)
  2 orc warriors
  A big kobold (D:8)
  4 orc priests
  4 orc wizards
  An iguana (D:8)
  7 orcs
  A kobold (D:8)
  2 quokkas (D:6)
  A giant cockroach zombie (D:6)
24 creatures vanquished.

Grand Total: 239 creatures vanquished

Notes
Turn   | Place    | Note
-------+----------+-------------------------------------------
     0 | D:1      | Marnok the Troll Berserker began the quest for the Orb.
     0 | D:1      | Reached XP level 1. HP: 22/22 MP: 0/0
    59 | D:1      | Reached XP level 2. HP: 29/29 MP: 1/1
   521 | D:2      | Reached XP level 3. HP: 23/37 MP: 2/2
   565 | D:2      | Reached ** piety under Trog
   574 | D:2      | Found a bloodstained altar of Trog.
   608 | D:2      | Noticed Natasha
   618 | D:2      | Killed Natasha
   697 | D:2      | Reached skill level 3 in Polearms
   700 | D:2      | Reached XP level 4. HP: 43/45 MP: 3/3
   908 | D:2      | Noticed Natasha
   919 | D:2      | Killed Natasha
  1053 | D:3      | Found a stormy altar of Qazlal.
  1067 | D:3      | Found a blossoming altar of Fedhas.
  1164 | D:3      | Reached XP level 5. HP: 53/53 MP: 4/4
  1196 | D:3      | Found a glowing golden altar of the Shining One.
  1306 | D:3      | Gained mutation: You expend magic power (3 MP) to
                  | strengthen your wands. [potion of mutation]
  1306 | D:3      | Gained mutation: You are partially covered in slimy green
                  | scales. (AC +2) [potion of mutation]
  2119 | D:4      | Noticed an ogre
  2126 | D:4      | Killed an ogre
  2126 | D:4      | Reached skill level 4 in Polearms
  2126 | D:4      | Reached XP level 6. HP: 50/62 MP: 5/5
  2257 | D:4      | Reached *** piety under Trog
  2392 | D:4      | Reached XP level 7. HP: 65/70 MP: 6/6
  2409 | D:4      | Found a sand-covered staircase.
  2416 | Ossuary  | Entered an ossuary
  2584 | Ossuary  | Reached **** piety under Trog
  2698 | Ossuary  | Reached skill level 5 in Polearms
  2733 | Ossuary  | Lost mutation: You expend magic power (3 MP) to strengthen
                  | your wands. [potion of mutation]
  2733 | Ossuary  | Lost mutation: You are partially covered in slimy green
                  | scales. (AC +2) [potion of mutation]
  2733 | Ossuary  | Gained mutation: You have a pair of small antennae on your
                  | head. [potion of mutation]
  2733 | Ossuary  | Gained mutation: Your spells are a little harder to cast,
                  | but a little more powerful. [potion of mutation]
  2734 | Ossuary  | Lost mutation: Your spells are a little harder to cast, but
                  | a little more powerful. [potion of mutation]
  2734 | Ossuary  | Lost mutation: You have a pair of small antennae on your
                  | head. [potion of mutation]
  2734 | Ossuary  | Gained mutation: You are frail. (-10% HP) [potion of
                  | mutation]
  2734 | Ossuary  | Gained mutation: Your skin changes colour to match your
                  | surroundings (Stealth+). [potion of mutation]
  2757 | D:4      | Got a transparent cloak
  2763 | D:4      | Identified the cursed +0 cloak of Harph {rC++ Str+3 Dex-5
                  | Stlth+} (You found it on level 4 of the Dungeon)
  2776 | D:4      | Lost mutation: You are frail. (-10% HP) [potion of
                  | mutation]
  2776 | D:4      | Gained mutation: You are partially covered in molten
                  | scales. (AC +2) [potion of mutation]
  2776 | D:4      | Gained mutation: Your movements are slightly less
                  | encumbered by armour. (ER -2) [potion of mutation]
  2950 | D:4      | Reached skill level 1 in Shields
  3145 | D:4      | Reached XP level 8. HP: 74/79 MP: 7/7
  3166 | D:5      | Entered Level 5 of the Dungeon
  3269 | D:5      | Noticed Sigmund
  3281 | D:5      | Killed Sigmund
  3342 | D:5      | Reached skill level 6 in Polearms
  3534 | D:5      | Reached ***** piety under Trog
  3752 | D:5      | Found a runed translucent door.
  3753 | D:5      | Noticed Crazy Yiuf
  3761 | D:5      | Killed Crazy Yiuf
  3930 | D:5      | Reached skill level 5 in Dodging
  3942 | D:5      | Reached skill level 1 in Stealth
  4083 | D:5      | Noticed Edmund
  4101 | D:5      | Killed Edmund
  4104 | D:5      | Lost mutation: You are partially covered in molten scales.
                  | (AC +2) [potion of mutation]
  4104 | D:5      | Lost mutation: Your movements are slightly less encumbered
                  | by armour. (ER -2) [potion of mutation]
  4104 | D:5      | Gained mutation: Your body sometimes deteriorates upon
                  | taking damage. [potion of mutation]
  4104 | D:5      | Gained mutation: You occasionally shout uncontrollably at
                  | your foes. [potion of mutation]
  4104 | D:5      | Gained mutation: You are partially covered in molten
                  | scales. (AC +2) [potion of mutation]
  4104 | D:5      | Gained mutation: Your muscles are strong. (Str +2) [potion
                  | of mutation]
  4259 | D:6      | Reached skill level 5 in Fighting
  4308 | D:6      | Reached XP level 9. HP: 88/88 MP: 8/8
  4486 | D:6      | Found a snail-covered altar of Cheibriados.
  4631 | D:6      | Noticed Pikel
  4634 | D:6      | Reached skill level 7 in Polearms
  4660 | D:6      | Killed Pikel
  4711 | D:6      | Found an opulent altar of Gozag.
  4814 | D:6      | Noticed Eustachio
  5073 | D:7      | Found a staircase to the Ecumenical Temple.
  5533 | D:7      | Found a shimmering altar of Xom.
  5533 | D:7      | Found a burning altar of Makhleb.
  5887 | D:8      | Received a gift from Trog
  6177 | D:8      | Reached XP level 10. HP: 98/98 MP: 9/9
  6262 | D:8      | Reached skill level 8 in Polearms
  6452 | D:8      | Noticed a deep elf mage
  6560 | D:8      | Killed a deep elf mage
  6571 | D:8      | Got a pair of distressingly furry boots
  6674 | D:9      | Slain by a black bear

Skill      XL: |  1  2  3  4  5  6  7  8  9 10 |
---------------+-------------------------------+-----
Fighting       | 3 4 5 6 |  6.1
Polearms       | 3 4 5 6 7 8 |  8.3
Dodging        | 3 4 5 6 |  6.8
Shields        | 1 2 4 |  4.7
Stealth        | 1 2 |  2.3

Action                   |  1- 3 |  4- 6 |  7- 9 | 10-12 || total
-------------------------+-------+-------+-------+-------++-------
Melee: Spear             |   101 |   167 |   706 |    98 ||  1072
Invok: Berserk           |     1 |     3 |     4 |     1 ||     9
       Brothers in Arms  |       |       |     4 |       ||     4
  Use: Scroll            |       |    10 |     8 |       ||    18
       Potion            |       |     2 |     9 |     2 ||    13
 Stab: Sleeping          |       |       |     6 |     2 ||     8
       Distracted        |       |       |     1 |       ||     1
  Eat: Chunk             |    13 |    14 |    45 |     4 ||    76
       Ration            |       |       |     2 |       ||     2
Armor: Animal skin       |    41 |    68 |   257 |    29 ||   395
       Skin              |       |       |    63 |       ||    63
Dodge: Dodged            |    40 |    66 |   196 |    34 ||   336
Block: Shield            |       |    14 |   237 |    55 ||   306
